 Dungeon Crawl Stone Soup version 0.17-a0-1337-ge651487 (webtiles) character file.

93 Gorice the Bolt Thrower (level 4, -2/28 HPs)
             Began as a Kobold Hunter on June 10, 2015.
             Slain by an orc
             ... wielding a +0 hand axe
              (3 damage)
             ... on level 5 of the Dungeon.
             The game lasted 00:15:13 (4541 turns).

Gorice the Bolt Thrower (Kobold Hunter)             Turns: 4541, Time: 00:15:14

Health: -2/28      AC:  5    Str: 11    XL:     4   Next: 92%
Magic:  4/4        EV: 13    Int:  9    God:
Gold:   129        SH:  0    Dex: 16    Spells: 0 memorised, 3 levels left

rFire  + . .     SeeInvis .     f - -2 dagger (curse)
rCold  + . .     Clarity  .     j - +0 ring mail
rNeg   . . .     SustAt   .     (shield restricted)
rPois  +         Gourm    .     (no helmet)
rElec  +         Spirit   .     (no cloak)
rCorr  +         Warding  .     (no gloves)
rMut   .         Stasis   .     (no boots)
MR     .....                    (no amulet)
Stlth  ++........               (no ring)
                                (no ring)

@: lethally poisoned (-2 -> -5), resistant, not resistant to hostile
enchantments, unstealthy
A: carnivore 3
a: no special abilities


You were on level 5 of the Dungeon.
You were completely stuffed.

You visited 1 branch of the dungeon, and saw 4 of its levels.

You collected 129 gold pieces.

Inventory:

Hand weapons
 a - a +1 hand crossbow
 b - a +0 short sword
 f - a cursed -2 dagger (weapon)
 B - a +0 blowgun
Missiles
 c - 20 bolts
 m - 12 poisoned needles
 Z - 56 stones (quivered)
Armour
 d - a +0 leather armour
 j - a +0 ring mail (worn)
 l - a +0 plate armour
Jewellery
 i - an uncursed amulet of the gourmand
Scrolls
 g - 3 scrolls of identify
 k - a scroll of teleportation {!r}
Comestibles
 e - 4 meat rations {!e}
 h - 2 chunks of flesh


   Skills:
 + Level 3.2 Fighting
 * Level 3.0 Short Blades
 - Level 5.0 Crossbows
 - Level 2.4 Dodging
 + Level 3.5 Stealth


You had 3 spell levels left.
You didn't know any spells.

Dungeon Overview and Level Annotations

Branches:
Dungeon (5/15)
 Temple: D:4-7

Altars:

Annotations:
D:2 exclusion: worm
D:3 exclusions: adder and scorpion


Innate Abilities, Weirdness & Mutations

You are small and have problems with some larger weapons.
You are carnivorous and can eat meat at any time.


Message History

You feel sick.
Damage: 1 (max 4)
You feel sick.
Damage: 1 (max 4)
You feel sick.
The orc shouts!
Damage: 1 (max 4)
You feel sick. The orc hits you with a hand axe. The worker ant bites you.
* * * LOW HITPOINT WARNING * * *
Damage: 9 (max 9)
You hit the orc.
The orc is moderately wounded.
* * * LOW HITPOINT WARNING * * *
You feel sick. The orc hits you but does no damage.
The worker ant bites you but does no damage.
Damage: 1 (max 9)
You hit the orc.
The orc is severely wounded.
The orc misses you. The worker ant misses you.
You hit the orc but do no damage.
The orc is severely wounded.
The worker ant closely misses you. The orc closely misses you.
You hit the orc.
The orc is severely wounded.
* * * LOW HITPOINT WARNING * * *
You feel sick. The worker ant misses you.
Damage: 1 (max 9)
You barely miss the orc.
The orc is severely wounded.
The orc hits you with a hand axe.
* * * LOW HITPOINT WARNING * * *
The worker ant closely misses you.
Damage: 4 (max 9) Unknown command.
Drink which item? (? for menu, Esc to quit)
You can't drink that!
You're too full to eat anything.
Unknown command.
Unknown command.
Unknown command.
Read which item? (? for menu, Esc to quit)
Okay, then.
Unknown command.
Drink which item? (? for menu, Esc to quit)
Really quaff
n - a potion of resistance {!q}?
You feel protected.
* * * LOW HITPOINT WARNING * * *
You feel sick. The worker ant barely misses you.
The orc hits you with a hand axe.
You die...

..............Y..
.#...........[...
.#.###.####..<... #..#
#.# ...... #..###$#
#.... ...##..# #...
...##.## #..
!..#..##################
..............ga@o......
..##.###################
..#..# .!..## ...# ###


You could see a worker ant, an orc and a hobgoblin.

Vanquished Creatures
  3 adders
  4 giant geckos
  2 giant cockroaches (D:1)
  7 goblins
  7 hobgoblins
  12 kobolds
  4 bats
  4 giant newts
  11 jackals
  9 rats
63 creatures vanquished.

Notes
Turn   | Place    | Note
--------------------------------------------------------------
     0 | D:1      | Gorice the Kobold Hunter began the quest for the Orb.
     0 | D:1      | Reached XP level 1. HP: 12/12 MP: 1/1
    31 | D:1      | HP: 3/12 [giant cockroach (2)]
    35 | D:1      | Reached skill level 5 in Crossbows
    36 | D:1      | HP: 2/12 [rat (2)]
   314 | D:1      | Reached XP level 2. HP: 12/18 MP: 2/2
   599 | D:1      | HP: 5/18 [goblin (2)]
   607 | D:1      | HP: 3/18 [kobold/short sword (1)]
   618 | D:1      | HP: 3/18 [kobold/short sword (1)]
   927 | D:1      | Reached skill level 1 in Short Blades
  1001 | D:1      | Reached skill level 2 in Stealth
  1483 | D:1      | Reached XP level 3. HP: 22/22 MP: 3/3
  2746 | D:2      | Reached skill level 2 in Short Blades
  2746 | D:2      | Reached skill level 3 in Stealth
  2784 | D:2      | Reached XP level 4. HP: 23/27 MP: 4/4
  3545 | D:3      | Reached skill level 3 in Fighting
  3688 | D:3      | HP: 8/28 [poisoned by an adder]
  3713 | D:3      | HP: 7/28 [jackal (3)]
  4333 | D:3      | Reached skill level 3 in Short Blades
  4509 | D:3      | You fall through a shaft for 2 floors!
  4509 | D:5      | Entered Level 5 of the Dungeon
  4509 | D:5      | Noticed an ice beast
  4535 | D:5      | HP: 8/28 [worker ant (5)]
  4540 | D:5      | HP: 2/28 [orc/hand axe (4)]
  4541 | D:5      | Slain by an orc

Vault maps used:
D:1:      dpeg_arrival_tiny_c
D:3:      first_bread
D:5:      lemuel_flamethrower_2

Action                   |  1- 3 |  4- 6 || total
-------------------------+-------+-------++-------
Melee: Dagger            |   298 |   241 ||   539
Throw: Stone             |    76 |    58 ||   134
  Use: Scroll            |     6 |     4 ||    10
       Potion            |     1 |     2 ||     3
 Stab: Sleeping          |     2 |     1 ||     3
  Eat: Chunk             |    15 |     6 ||    21

Table legend:
 A = Turns spent in this place as a percentage of turns spent in the entire game.
 B = Non-inter-level travel turns spent in this place as a percentage of non-inter-level travel turns spent in the entire game.
 C = Inter-level travel turns spent in this place as a percentage of turns spent in this place.
 D = Turns resting spent in this place as a percentage of non-inter-level travel turns spent in this place.
 E = Turns spent auto-exploring this place as a percentage of non-inter-level travel turns spent in this place.
 F = Non-inter-level travel turns spent in this place divided by the number of levels of this place that you've seen.
                   A       B       C       D       E      F
               +-------+-------+-------+-------+-------+----------------------
         Total | 100.0 | 100.0 |   0.3 |   2.1 |   2.9 | 466.5
       Dungeon | 100.0 | 100.0 |   0.3 |   2.1 |   2.9 | 466.5
               +-------+-------+-------+-------+-------+----------------------

Vault maps used:
D:1:      dpeg_arrival_tiny_c
D:3:      first_bread
D:5:      lemuel_flamethrower_2
